 Dungeon Crawl Stone Soup version 0.25-a0-492-g44cc58d149 (webtiles) character file.

Game seed: 17542469252929309895, levelgen mode: deterministic

23922 kae the Grappler (level 12, -1/97 HPs)
             Began as a Demonspawn Fighter on Feb 11, 2020.
             Was a Priest of Wu Jian.
             Slain by a hell knight
             ... wielding a +4 halberd of flaming
              (2 damage)
             ... in a volcano.
             The game lasted 00:19:46 (20078 turns).

kae the Grappler (Demonspawn Fighter)              Turns: 20078, Time: 00:19:46

Health: -1/97      AC: 19    Str: 17    XL:     12   Next: 76%
Magic:  12/12      EV: 18    Int: 11    God:    Wu Jian [***...]
Gold:   618        SH:  0    Dex: 16    Spells: 11/11 levels left

rFire    + + .     SeeInvis .     - Unarmed
rCold    + . .     Gourm    .   (no shield)
rNeg     . . .     Faith    .   a - +0 scale mail
rPois    +         Spirit   .   i - +0 helmet
rElec    +         Reflect  .   w - +1 cloak {+Inv}
rCorr    +         Harm     .   v - +1 pair of gloves
MR       .....                  n - +1 pair of boots
Stlth    ..........             (no amulet)
HPRegen  0.26/turn              p - +2 ring of protection
MPRegen  0.13/turn              x - ring of protection from fire

@: resistant
A: talons 1, repulsion field 2, powered by death 1
a: Wall Jump, Serpent's Lash, Renounce Religion, Evoke Invisibility


You were in a volcano.
You worshipped Wu Jian.
Wu Jian was most pleased with you.
You were not hungry.

You visited 3 branches of the dungeon, and saw 15 of its levels.
You also visited: Gauntlet and Volcano.

You collected 863 gold pieces.
You spent 245 gold pieces at shops.

Inventory:

Armour
 a - a +0 scale mail (worn)
 i - a +0 helmet (worn)
 n - a +1 pair of boots (worn)
 v - a +1 pair of gloves (worn)
 w - a +1 cloak of invisibility (worn)
Jewellery
 p - a +2 ring of protection (left hand)
 x - a ring of protection from fire (right hand)
 y - an uncursed ring of positive energy
Wands
 c - a wand of iceblast (10)
 s - a wand of digging (4)
 A - a wand of paralysis (6)
 D - a wand of scattershot (9)
 E - a wand of acid (2)
Scrolls
 e - a scroll of identify
 h - 6 scrolls of enchant weapon
 j - 2 scrolls of teleportation
 k - 4 scrolls of remove curse
 l - 3 scrolls of fog
 q - 7 scrolls of amnesia
 r - a scroll of magic mapping
 u - 2 scrolls of fear
Potions
 g - 3 potions of flight
 m - 3 potions of haste
 o - 2 potions of brilliance
 t - a potion of invisibility
 z - 2 potions of lignification
 B - a potion of agility
 C - 2 potions of berserk rage {unknown}
Comestibles
 b - 9 chunks of flesh
 d - 26 rations


   Skills:
 - Level 10.2 Fighting
 + Level 9.1 Armour
 + Level 8.6 Dodging
   Level 2.6 Shields
 - Level 13.0 Unarmed Combat


You had 11 spell levels left.
You didn't know any spells.
Your spell library contained the following spells:

 Spells                   Type           Power        Failure   Level  Hunger
 Animate Skeleton         Necr           N/A          69%         1    ##.....
 Beastly Appendage        Tmut           #.....       69%         1    ##.....
 Pain                     Necr           #...         69%         1    ##.....
 Sticks to Snakes         Tmut           #.......     83%         2    ###....
 Recall                   Summ/Tloc      N/A          96%         3    ####...
 Spider Form              Tmut/Pois      #.........   96%         3    ####...
 Vampiric Draining        Necr           #.........   96%         3    ####...
 Animate Dead             Necr           N/A          100%        4    #####..
 Ice Form                 Ice/Tmut       #.......     100%        4    #####..
 Agony                    Necr           #.......     100%        5    ######.
 Blade Hands              Tmut           #.........   100%        5    ######.
 Borgnjor's Vile Clutch   Necr/Erth      #.........   100%        5    ######.
 Death Channel            Necr           #.........   100%        6    #######
 Simulacrum               Ice/Necr       #.........   100%        6    #######


Dungeon Overview and Level Annotations

Branches:
Dungeon (10/15)            Temple (1/1) D:7            Lair (4/6) D:10
  Swamp (0/4) Lair:4       Spider (0/4) Lair:3          Orc (0/2) D:9
Volcano (1/1)             Gauntlet (visited)

Altars:
Ashenzari
Cheibriados
Dithmenos
Elyvilon
Fedhas
Gozag
Hepliaklqana
Kikubaaqudgha
Makhleb
Nemelex Xobeh
Okawaru
Qazlal
Ru
Sif Muna
Trog
Uskayaw
Vehumet
Wu Jian
Xom
Yredelemnul
Zin
The Shining One

Shops:
D:8 [   D:9 *   D:10 *

Annotations:
D:5 2 transporters, ahope9320's ghost, novice MfSk


Innate Abilities, Weirdness & Mutations

You have sharp toenails.
You are surrounded by a moderate repulsion field. (EV +3)
You regenerate a little health from kills.


Message History

The hell knight is lightly wounded.
The hell knight hits you with a +4 halberd of flaming.
The hell knight burns you.
You hit the hell knight but do no damage.
The hell knight is lightly wounded.
The hell knight hits you with a +4 halberd of flaming.
You barely miss the hell knight.
The hell knight points at you and mumbles some strange words.
Pain shoots through your body!
You closely miss the hell knight. Your punch misses the hell knight.
The hell knight barely misses you.
You barely miss the hell knight.
The hell knight hits you with a +4 halberd of flaming!
* * * LOW HITPOINT WARNING * * *
You punch the hell knight!
The hell knight is moderately wounded.
The hell knight hits you with a +4 halberd of flaming!!
* * * LOW HITPOINT WARNING * * *
The hell knight burns you.
You die...

####≈≈≈ §§≈≈≈≈ #≈
§§§#######≈§§ ≈#
§§§###!$!$[###≈≈≈ #
§##.#.).).#.##≈ §# ##§
#..'.!.!.+..# §§## #≈≈≈
##..'.._..+..##§§≈##
≈≈§≈≈#..p#.....#...#§§§§§
§§≈≈#.)@#######..(#≈≈≈§≈
≈≈§≈#...'[[...'..(#§≈§≈§
#§§§§#..)#..≈..#..(#§§§§≈
##§§§#...#8≈≈≈8#.(.#≈≈≈≈#
#≈§§≈##..'..≈..+))##§§≈§#
#≈§≈§≈#..'.....+))# ≈§≈≈#
## §≈§##.#8...8#(##° ≈≈##
≈§§≈###.....###§≈ ≈##
#§§§≈§.....≈§§§≈


You could see a hell knight.

Vanquished Creatures
  A minotaur (Gauntlet)
  A death ooze (Gauntlet)
  A great orb of eyes (Gauntlet)
  3 hydras
  A centaur warrior (Volcano)
  2 ugly things (Gauntlet)
  A black mamba (Lair:3)
  An ice statue (Gauntlet)
  3 spiny frogs
  3 rime drakes
  2 yaktaurs (Volcano)
  2 komodo dragons
  A queen bee (D:8)
  A troll (D:10)
  2 jumping spiders (Lair:3)
  Prince Ribbit (Lair:1)
  Grinder (D:5)
  11 blink frogs
  2 hippogriffs
  5 dream sheep (Lair:4)
  5 redbacks (Lair:3)
  3 wyverns (D:10)
  A basilisk (Lair:3)
  9 yaks
  4 vampire mosquitoes (D:8)
  An acid dragon (D:10)
  3 porcupines
  3 water moccasins
  5 orc warriors
  An eye of draining (D:10)
  2 ice beasts
  4 sky beasts
  A black bear (D:8)
  3 phantoms
  3 wolves (Lair:2)
  3 ogres
  6 centaurs
  5 crocodiles
  3 big kobolds
  8 bullfrogs
  A water moccasin skeleton (D:6)
  2 scorpions
  24 killer bees
  2 howler monkeys (D:8)
  3 vampire bats (D:4)
  5 wights (D:10)
  3 electric eels (D:8)
  5 crimson imps
  A quasit (D:6)
  3 jellies
  2 hounds
  5 orc priests
  10 orc wizards
  A bullfrog skeleton (D:5)
  3 iguanas
  Natasha (thrice) (D:3)
  6 worker ants
  A hound zombie (D:5)
  8 adders
  A howler monkey skeleton (D:7)
  A shadow imp (D:5)
  2 oozes
  An adder zombie (D:8)
  2 adder skeletons
  A worm (D:2)
  A dart slug (D:1)
  4 leopard geckos
  59 orcs
  5 giant cockroaches
  7 goblins
  6 hobgoblins
  4 jackals (D:3)
  4 quokkas
  12 bats
  7 frilled lizards
  13 kobolds
  8 rats
  A plant (Lair:3)
345 creatures vanquished.

Vanquished Creatures (others)
  A giant cockroach (D:3)
  3 fungi (Lair:3)
  3 plants
7 creatures vanquished.

Grand Total: 352 creatures vanquished

Notes
Turn   | Place    | Note
-------+----------+-------------------------------------------
     0 | D:1      | kae the Demonspawn Fighter began the quest for the Orb.
     0 | D:1      | Reached XP level 1. HP: 18/18 MP: 1/1
   305 | D:1      | Reached skill level 2 in Unarmed Combat
   616 | D:1      | Gained mutation: You are surrounded by a mild repulsion
                  | field. (EV +2) [demonic ancestry]
   616 | D:1      | Reached XP level 2. HP: 18/24 MP: 2/2
  1302 | D:2      | Reached XP level 3. HP: 27/29 MP: 3/3
  1336 | D:2      | Reached skill level 3 in Unarmed Combat
  2085 | D:3      | Noticed Natasha
  2097 | D:3      | Killed Natasha
  2097 | D:3      | Reached XP level 4. HP: 28/37 MP: 4/4
  2514 | D:3      | Reached skill level 4 in Unarmed Combat
  2554 | D:3      | Gained mutation: You regenerate a little health from kills.
                  | [demonic ancestry]
  2554 | D:3      | Reached XP level 5. HP: 20/42 MP: 5/5
  2885 | D:3      | Noticed Natasha
  2911 | D:3      | Killed Natasha
  2999 | D:3      | Noticed Natasha
  3018 | D:3      | Killed Natasha
  3651 | D:4      | Reached XP level 6. HP: 26/49 MP: 6/6
  4022 | D:4      | Reached skill level 5 in Unarmed Combat
  4581 | D:5      | Entered Level 5 of the Dungeon
  4588 | D:5      | Reached skill level 5 in Fighting
  4774 | D:5      | Reached skill level 6 in Unarmed Combat
  4774 | D:5      | Reached XP level 7. HP: 46/56 MP: 7/7
  4888 | D:5      | Noticed Grinder
  4896 | D:5      | Paralysed by Grinder for 2 turns
  4910 | D:5      | Paralysed by Grinder for 6 turns
  4919 | D:5      | Killed Grinder
  5230 | D:5      | Found a shadowy altar of Dithmenos.
  5257 | D:5      | Found a white marble altar of Elyvilon.
  5257 | D:5      | Found a hide-covered altar of Uskayaw.
  5257 | D:5      | Found a shattered altar of Ashenzari.
  5257 | D:5      | Found a basalt altar of Yredelemnul.
  5600 | D:5      | Found a transporter.
  5603 | D:5      | Noticed ahope9320's ghost (novice MfSk)
  5607 | D:5      | Found a transporter.
  6150 | D:6      | Reached skill level 7 in Unarmed Combat
  6183 | D:6      | Reached XP level 8. HP: 64/64 MP: 8/8
  7072 | D:6      | Reached skill level 8 in Unarmed Combat
  7547 | D:6      | Found a blossoming altar of Fedhas.
  7547 | D:6      | Found a sparkling altar of Nemelex Xobeh.
  7598 | D:6      | Found a bloodstained altar of Trog.
  7602 | D:6      | Found a burning altar of Makhleb.
  7671 | D:6      | Found a shimmering blue altar of Sif Muna.
  7850 | D:7      | Reached skill level 9 in Unarmed Combat
  7850 | D:7      | Gained mutation: You have sharp toenails. [demonic
                  | ancestry]
  7850 | D:7      | Reached XP level 9. HP: 66/72 MP: 9/9
  8103 | D:7      | Found a staircase to the Ecumenical Temple.
  8124 | Temple   | Entered the Ecumenical Temple
  8705 | D:8      | Found an ornate altar of the Wu Jian Council.
  8744 | D:8      | Found Yzocij's Antique Armour Boutique.
  8753 | D:8      | Bought a glowing cloak for 225 gold pieces
  9863 | D:8      | Reached skill level 10 in Unarmed Combat
 10302 | D:8      | Noticed a queen bee
 10315 | D:8      | Killed a queen bee
 10315 | D:8      | Reached XP level 10. HP: 11/82 MP: 10/10
 10315 | D:8      | HP: 3/82 [killer bee (6)]
 10727 | D:8      | Found a sacrificial altar of Ru.
 10764 | D:8      | Reached skill level 11 in Unarmed Combat
 11094 | D:8      | Became a worshipper of the Wu Jian Council
 11191 | D:9      | Found a staircase to the Orcish Mines.
 11329 | D:9      | Reached * piety under Wu Jian
 11557 | D:9      | Found a stormy altar of Qazlal.
 11609 | D:9      | Found Cuikh's General Store.
 11612 | D:9      | Bought a scroll of identify for 20 gold pieces
 11708 | D:9      | Found a radiant altar of Vehumet.
 11709 | D:9      | Found an iron altar of Okawaru.
 11729 | D:10     | Entered Level 10 of the Dungeon
 12281 | D:10     | Found a sacrificial altar of Ru.
 12719 | D:10     | Reached skill level 12 in Unarmed Combat
 12743 | D:10     | Reached ** piety under Wu Jian
 12927 | D:10     | Found Jiji's General Store.
 13117 | D:10     | Reached skill level 10 in Fighting
 13656 | D:10     | Found a staircase to the Lair.
 14055 | Lair:1   | Entered Level 1 of the Lair of Beasts
 14093 | Lair:1   | Noticed a spiny frog
 14106 | Lair:1   | Killed a spiny frog
 14106 | Lair:1   | Gained mutation: You are surrounded by a moderate repulsion
                  | field. (EV +3) [demonic ancestry]
 14106 | Lair:1   | Reached XP level 11. HP: 51/91 MP: 11/11
 14138 | Lair:1   | Noticed Prince Ribbit
 14143 | Lair:1   | Killed Prince Ribbit
 14165 | Lair:1   | Reached skill level 13 in Unarmed Combat
 14250 | Lair:1   | Found a gate leading to a gauntlet.
 14267 | Gauntlet | Entered a Gauntlet
 14267 | Gauntlet | Found a transporter.
 14445 | Gauntlet | Found a transporter.
 14447 | Gauntlet | Found a transporter.
 14456 | Gauntlet | Found a transporter.
 14458 | Gauntlet | Found a transporter.
 14462 | Gauntlet | Noticed a death scarab
 14463 | Gauntlet | Noticed a death scarab
 14470 | Gauntlet | Found a transporter.
 14480 | Gauntlet | Found a runed translucent door.
 14484 | Gauntlet | Found a transporter.
 14486 | Gauntlet | Noticed a sixfirhy
 14493 | Gauntlet | Found a transporter.
 14500 | Gauntlet | Noticed a great orb of eyes
 14502 | Gauntlet | Found a runed translucent door.
 14502 | Gauntlet | Noticed a blizzard demon
 14503 | Gauntlet | Found a transporter.
 14514 | Gauntlet | Found a runed translucent door.
 14516 | Gauntlet | Noticed a brown ugly thing
 14516 | Gauntlet | Noticed a cyan ugly thing
 14517 | Gauntlet | Found a transporter.
 14517 | Gauntlet | Found a transporter.
 14529 | Gauntlet | Noticed a sixfirhy
 14529 | Gauntlet | Noticed a sixfirhy
 14529 | Gauntlet | Noticed a sixfirhy
 14531 | Gauntlet | Found a transporter.
 14550 | Gauntlet | Found a runed translucent gate.
 14551 | Gauntlet | Found a runed translucent gate.
 14551 | Gauntlet | Found a transporter.
 14551 | Gauntlet | Found a transporter.
 14552 | Gauntlet | Found a runed translucent gate.
 14594 | Gauntlet | Noticed a death ooze
 14640 | Gauntlet | Reached skill level 1 in Dodging
 15094 | Gauntlet | Killed a death ooze
 15119 | Gauntlet | Killed a brown ugly thing
 15125 | Gauntlet | Killed a great orb of eyes
 15131 | Gauntlet | Killed a brown ugly thing
 15316 | Gauntlet | Noticed a minotaur
 15337 | Gauntlet | Killed a minotaur
 15337 | Gauntlet | Reached skill level 5 in Armour
 16195 | Lair:1   | Reached skill level 5 in Dodging
 16490 | Lair:2   | Reached *** piety under Wu Jian
 16974 | Lair:3   | Noticed an eight-headed hydra
 16994 | Lair:2   | Killed an eight-headed hydra
 16994 | Lair:2   | Reached XP level 12. HP: 12/96 MP: 12/12
 17281 | Lair:3   | Noticed a six-headed hydra
 17564 | Lair:3   | Noticed an eight-headed hydra
 17569 | Lair:3   | Killed an eight-headed hydra
 17678 | Lair:3   | Killed a six-headed hydra
 18562 | Lair:3   | Found a hole to the Spider Nest.
 19918 | Lair:4   | Found a dark tunnel.
 19956 | Volcano  | Entered a volcano
 19972 | Volcano  | Noticed a centaur warrior
 20017 | Volcano  | Killed a centaur warrior
 20047 | Volcano  | Found a radiant altar of Vehumet.
 20078 | Volcano  | HP: 1/97 [hell knight/+4 halberd of flaming (25)]
 20078 | Volcano  | Slain by a hell knight

Levels and vault maps discovered:
D:1:      wheals_arrival_shading, layout_basic, st_stairs_6,
          minmay_split_cup_large
D:2:      layout_basic, first_ration
D:3:      layout_basic, due_unseen_surprise, uniq_natasha
D:4:      layout_basic, roderic_batcave, chequers_serial_rivers_micro_d
D:5:      layout_basic, grunt_dithmenos_smoke_and_mirrors,
          chequers_temple_overflow_statue_of_worship, gammafunk_ghost_smash,
          uniq_grinder
D:6:      kennysheep_orc_sif_temple, layout_cave_pools,
          grunt_temple_overflow_open, st_stairs_2,
          minmay_misc_feat_four_crosses, minmay_misc_feat_rows
D:7:      layout_basic, minmay_temple_entry_waves
D:8:      layout_basic, overflow_temple_1_default, lemuel_round_altar,
          serial_shops, nicolae_shop_waterfront, serial_bayou,
          serial_bayou_lagoon_b, serial_bayou_lagoon_a, serial_bayou_pond_e,
          serial_bayou_pond_c, david_nohive_1
D:9:      layout_rooms, gammafunk_temple_overflow_statue, orc_0_dummy,
          serial_shops, kennysheep_mini_moat, special_room [special_room_orc],
          minmay_tree_intersection, grunt_qazlal_clouds
D:10:     layout_irregular_city, erik_lair_dragon, serial_shops, shop,
          nicolae_ru_awakened_eye
Temple:   compressed_dpeg_triangle_lava_temple
Lair:1:   layout_regular_city, gauntlet_entry_generic, uniq_prince_ribbit2
Lair:2:   layout_hall_layers, patterned_corridor, lemuel_fruit_tree,
          grunt_megastairs_5
Lair:3:   layout_regular_city, nicolae_spider_entry_tight_spaces,
          guppyfry_lair_drakes
Lair:4:   layout_roguey, minmay_swamp_entry_reptiles, enter_volcano_1,
          portal_ice_cave_demonic_guard
Volcano:  kennysheep_volcano_temple

Skill      XL: |  1  2  3  4  5  6  7  8  9 10 11 12 |
---------------+-------------------------------------+-----
Unarmed Combat | 2 3 4 6 7 9 10 12 13 | 13.0
Fighting       | 4 5 6 7 8 10 | 10.2
Armour         | 6 9 |  9.1
Dodging        | 6 8 |  8.6
Shields        | |  2.6

Action                   |  1- 3 |  4- 6 |  7- 9 | 10-12 || total
-------------------------+-------+-------+-------+-------++-------
Melee: Unarmed           |   149 |   343 |   434 |   873 ||  1799
       Punch             |       |     5 |     9 |    71 ||    85
Invok: Lunge             |       |       |       |    38 ||    38
       Whirlwind         |       |       |       |    33 ||    33
       Serpent's Lash    |       |       |       |     1 ||     1
Evoke: Wand              |       |       |       |    15 ||    15
  Use: Scroll            |     1 |    10 |     8 |    11 ||    30
       Potion            |       |     4 |     6 |     9 ||    19
 Stab: Invisible         |       |       |       |     3 ||     3
       Paralysed         |       |       |       |     1 ||     1
  Eat: Chunk             |     1 |     8 |     9 |    17 ||    35
       Ration            |     1 |       |     3 |     4 ||     8
Armor: Scale mail        |    57 |   186 |   198 |   329 ||   770
       Skin              |       |       |    18 |       ||    18
Dodge: Dodged            |    57 |   247 |   219 |   506 ||  1029
Block: Kite shield       |    55 |       |       |       ||    55

Table legend:
 A = Non-vault XP
 B = Vault XP
 C = Vault XP percentage of total XP
 D = Non-vault monster count
 E = Vault monster count
 F = Vault count percentage of total count
                 A         B        C        D         E       F
            +---------+---------+-------+---------+---------+-------
      Total |   19121 |   15054 |  44.0 |     245 |      99 |  28.8
            +---------+---------+-------+---------+---------+-------
        D:1 |      18 |      12 |  40.0 |      11 |       6 |  35.3
        D:2 |      38 |       0 |   0.0 |      13 |       0 |   0.0
        D:3 |     192 |      35 |  15.4 |      36 |       1 |   2.7
        D:4 |     126 |     174 |  58.0 |      10 |       8 |  44.4
        D:5 |     306 |     290 |  48.7 |      12 |       1 |   7.7
        D:6 |    1114 |     329 |  22.8 |      23 |       6 |  20.7
        D:7 |     576 |       0 |   0.0 |      13 |       0 |   0.0
        D:8 |    1536 |    1243 |  44.7 |      20 |      16 |  44.4
        D:9 |     560 |     352 |  38.6 |      18 |      26 |  59.1
       D:10 |    2734 |    1106 |  28.8 |      42 |       6 |  12.5
     Lair:1 |    2647 |    1381 |  34.3 |      12 |       5 |  29.4
     Lair:2 |    2344 |       0 |   0.0 |      11 |       0 |   0.0
     Lair:3 |    3643 |    2715 |  42.7 |      10 |       9 |  47.4
     Lair:4 |    3287 |       0 |   0.0 |      14 |       0 |   0.0
    Volcano |       0 |    2062 | 100.0 |       0 |       7 | 100.0
   Gauntlet |       0 |    5355 | 100.0 |       0 |       8 | 100.0
            +---------+---------+-------+---------+---------+-------
